 Dungeon Sprint DCSS version 0.27.1-1-g398f81649c (webtiles) character file.

Game seed: 12329353123731878277

233 styxcanada the Unseen (level 5, -5/28 HPs)
             Began as a Spriggan Brigand on Sept 15, 2021.
             Was an Initiate of Gozag.
             Slain by a spriggan (14 damage)
             ... in the Dungeon (Sprint IV: "Fedhas' Mad Dash").
             The game lasted 00:01:36 (188 turns).

styxcanada the Unseen (Spriggan Brigand)             Turns: 188, Time: 00:01:37

Health: -5/28      AC:  3    Str:  7    XL:     5   Next: 75%
Magic:  4/6        EV: 20    Int: 12    God:    Gozag
Gold:   172        SH:  0    Dex: 18    Spells: 4/4 levels left

rFire    . . .     SeeInvis +   a - +2 dagger
rCold    . . .     Faith    .   (shield restricted)
rNeg     . . .     Spirit   .   b - +0 robe
rPois    .         Reflect  .   (helmet restricted)
rElec    .         Harm     .   c - +0 cloak
rCorr    .         Rampage  .   (gloves unavailable)
Will     .....     NoTele   +   (boots unavailable)
Stlth    ++++++....             f - amulet of invisibility {+Inv}
HPRegen  0.09/turn              (no ring)
MPRegen  0.10/turn              (no ring)

@: gold aura, very slightly contaminated, invisible, very quick
A: very small, no large weapons, unfitting armour, see invisible, speed 3
a: Renounce Religion, Evoke Invisibility, Potion Petition, Call Merchant, Bribe
Branch


You were in the Dungeon.
You worshipped Gozag.
Gozag was aware of your devotion.
You visited 1 branch You collected 172 gold pieces.

Inventory:

Hand Weapons
 a - a +2 dagger (weapon)
Missiles
 d - 8 poisoned darts (quivered)
 e - 2 curare-tipped darts
 l - 13 stones
Armour
 b - a +0 robe (worn)
 c - a +0 cloak (worn)
Jewellery
 f - the amulet of invisibility (around neck) {+Inv}
   (You found it in the Dungeon)

   [amulet of nothing]

   +Inv:      It lets you turn invisible.
Scrolls
 k - a scroll of blinking
Potions
 g - 2 potions of heal wounds
 h - 2 potions of haste
 i - 2 potions of magic
 j - a potion of berserk rage


   Skills:
 * Level 3.5 Fighting
 + Level 3.2 Short Blades
 + Level 3.3 Throwing
 * Level 5.4 Dodging
 * Level 15.2 Stealth
 + Level 1.4 Evocations


You had 4 spell levels left.
You didn't know any spells.
Your spell library was empty.

Dungeon Overview and Level Annotations

Branches:
Dungeon (1/1)

Altars:
Cheibriados
Dithmenos
Elyvilon
Gozag
Hepliaklqana
Kikubaaqudgha
Makhleb
Nemelex Xobeh
Okawaru
Qazlal
Ru
Sif Muna
Trog
Uskayaw
Vehumet
Wu Jian
Xom
Yredelemnul
Zin
The Shining One
Beogh
Jiyva
Lugonu


Innate Abilities, Weirdness & Mutations

You are very small and have problems with some larger weapons.
You are too small for most types of armour.
You have supernaturally acute eyesight. (SInv)
You cover ground extremely quickly. (Speed+++)


Message History

You now have 172 gold pieces (gained 54).
g - 2 potions of heal wounds (gained 1)
You see here 13 stones.
l - 13 stones You start resting.
Magic restored.
You fail to use your ability.
Okay, then.
You start waiting.
Your magical contamination has completely faded away.
You fail to use your ability.
You fail to use your ability.
You fade into invisibility!
You are very lightly contaminated with residual magic.
You open the door.
A scorpion and 2 spriggans come into view.
A spriggan is wielding a +1 dagger of freezing.
Found 39 gold pieces.
Unknown command.
There is an open door here.
The spriggan shouts!
The scorpion closely misses you.
You see here 14 gold pieces.
The spriggan closely misses you. x2
You hit the scorpion but do no damage. The scorpion completely misses you.
You closely miss the scorpion. The spriggan closely misses you.
The scorpion misses you.
The spriggan hits you with a +1 dagger of freezing!
The spriggan freezes you.
Unknown command.
You strike the helpless scorpion from behind!
You impale the scorpion!!
You kill the scorpion!
The spriggan hits you with a +0 dagger! The spriggan barely misses you.
Your Stealth skill increases to level 15!
Your Evocations skill increases to level 1!
The spriggan hits you with a +0 dagger!
Ouch! That really hurt!
You die...
Your body crumbles into a pile of gold.

####################
⌠._._._._.⌠.#..'@.i#
._._._._._..'..#i$$#
.._._._._...#..###+#
$ $$
._._._._._..#..# $
_._._._._.⌠.####
############# $ $


You could see 2 spriggans.

Vanquished Creatures
  2 scorpions (D)
  3 oklob saplings (D)
  A river rat (D)
  A rat (D)
7 creatures vanquished.

Notes
Turn   | Place    | Note
-------+----------+-------------------------------------------
     0 | D        | styxcanada the Spriggan Brigand began the quest for the
                  | Orb.
     0 | D        | Reached XP level 1. HP: 10/10 MP: 2/2
     9 | D        | Reached skill level 8 in Stealth
     9 | D        | Reached XP level 2. HP: 15/15 MP: 3/3
    12 | D        | Noticed an oklob sapling
    14 | D        | Killed an oklob sapling
    15 | D        | Reached skill level 10 in Stealth
    15 | D        | Reached XP level 3. HP: 18/18 MP: 4/4
    16 | D        | Noticed a scorpion
    16 | D        | Found the amulet of invisibility {+Inv}
    36 | D        | Killed a scorpion
    37 | D        | Reached skill level 12 in Stealth
    37 | D        | Reached XP level 4. HP: 12/23 MP: 5/5
   131 | D        | Found an opulent altar of Gozag.
   131 | D        | Found a hazy altar of Hepliaklqana.
   131 | D        | Found a burning altar of Makhleb.
   131 | D        | Found a sparkling altar of Nemelex Xobeh.
   131 | D        | Found a snail-covered altar of Cheibriados.
   131 | D        | Found a sacrificial altar of Ru.
   131 | D        | Found a shimmering blue altar of Sif Muna.
   131 | D        | Found a shimmering altar of Xom.
   131 | D        | Found a basalt altar of Yredelemnul.
   132 | D        | Found a viscous altar of Jiyva.
   132 | D        | Found a bloodstained altar of Trog.
   132 | D        | Found an ornate altar of the Wu Jian Council.
   133 | D        | Found an iron altar of Okawaru.
   133 | D        | Found a shadowy altar of Dithmenos.
   133 | D        | Found a glowing silver altar of Zin.
   134 | D        | Found an ancient bone altar of Kikubaaqudgha.
   134 | D        | Found a hide-covered altar of Uskayaw.
   135 | D        | Found a stormy altar of Qazlal.
   135 | D        | Found a white marble altar of Elyvilon.
   135 | D        | Found a glowing golden altar of the Shining One.
   136 | D        | Became a worshipper of Gozag Ym Sagoz the Greedy
   137 | D        | Found a corrupted altar of Lugonu.
   137 | D        | Found a radiant altar of Vehumet.
   141 | D        | Reached skill level 13 in Stealth
   141 | D        | Reached XP level 5. HP: 28/28 MP: 3/6
   153 | D        | Reached skill level 5 in Dodging
   153 | D        | Reached skill level 14 in Stealth
   188 | D        | Reached skill level 15 in Stealth
   188 | D        | Reached skill level 1 in Evocations
   188 | D        | Slain by a spriggan

Illustrated notes

Levels and vault maps discovered:
D:        dungeon_sprint_fedhas [sprint_temple]

Skill      XL: |  1  2  3  4  5 |
---------------+----------------+-----
Dodging        | 2 3 4 5 |  5.4
Stealth        | 8 10 12 13 15 | 15.2
Fighting       | 2 3 |  3.5
Short Blades   | 3 |  3.2
Throwing       | 3 |  3.3
Evocations     | 1 |  1.4

Action                   |  1- 3 |  4- 6 || total
-------------------------+-------+-------++-------
Melee: Dagger            |     5 |     5 ||    10
Throw: Dart              |     6 |       ||     6
 Abil: Evoke Invisibilit |       |     2 ||     2
  Use: Potion            |       |     1 ||     1
 Stab: Sleeping          |     2 |     1 ||     3
       Invisible         |       |     2 ||     2
Dodge: Dodged            |     5 |     7 ||    12
